[Event "December 12 Early 2023"]
[Site "https://www.chess.com"]
[Date "2023.12.12"]
[Round "2"]
[White "Clawitter, Craig"]
[Black "Kuznetsova, Olga"]
[Result "1-0"]
[Board "196"]
[TimeControl "180+1"]
[WhiteFideId "2023105"]
[BlackFideId "4191323"]
[WhiteElo "2230"]
[BlackElo "2485"]
[WhiteTeam "USA"]
[BlackTeam "RUS"]
[WhiteClock "0:00:03"]
[BlackClock "0:00:04"]

1. e4 e6 2. d4 d5 3. e5 c5 4. c3 Nc6 5. Nf3 Bd7 6. Be2 f6 7. O-O fxe5 8. dxe5 Qc7 9. Re1 O-O-O 10. Bd3 h6 11. h4 g5 12. hxg5 hxg5 13. Bxg5 Be7 14. Qd2 Rf8 15. Bf4 Be8 16. Na3 a6 17. Nc2 Bh5 18. b4 Bxf3 19. gxf3 Rh4 20. Bg3 Rh5 21. b5 axb5 22. Bxb5 Nh6 23. Rab1 Nf5 24. Bxc6 Qxc6 25. Qe2 Rfh8 26. Qb5 Nxg3 27. fxg3 Rh1+ 28. Kf2 R8h2+ 29. Ke3 Rxe1+ 30. Nxe1 d4+ 31. Kd3 Qxb5+ 32. Rxb5 dxc3 33. Kxc3 Rxa2 34. Nd3 Ra3+ 35. Kd2 Kc7 36. Nxc5 Kc6 37. Rb3 Ra2+ 38. Kd3 Bxc5 39. f4 b5 40. Ke4 Ra4+ 41. Kf3 Kd5 42. g4 Bd4 43. Rxb5+ Bc5 44. f5 Ra3+ 45. Kf4 Kc4 46. Rb7 Kd5 47. Rd7+ Kc6 48. fxe6 Ra8 49. Kf5 Rf8+ 50. Kg6 Rf1 51. Rf7 Re1 52. Rf5 Kd5 53. Kf7 Ra1 54. e7 Ra7 55. e6+ Kd6 56. Rxc5 Kxc5 57. Kf8 Kd5 58. e8=Q Ra6 59. e7 Rh6 60. Qf7+ Ke5 61. e8=Q+ Kd4 62. Qee7 Re6 63. Qexe6 Kc5 64. Qd5+ 1-0

[Event "December 12 Early 2023"]
[Site "https://www.chess.com"]
[Date "2023.12.12"]
[Round "2"]
[White "Tabuenca Mendataurigoitia, Daniel"]
[Black "Palmer, Reegan"]
[Result "1-0"]
[Board "197"]
[TimeControl "180+1"]
[WhiteFideId "24563617"]
[BlackFideId "14322145"]
[WhiteElo "2482"]
[BlackElo "2229"]
[WhiteTeam "ESP"]
[BlackTeam "RSA"]
[WhiteClock "0:00:17"]
[BlackClock "0:00:19"]

1. Nf3 Nf6 2. g3 g6 3. Bg2 Bg7 4. O-O O-O 5. d3 c5 6. e4 d6 7. c3 e5 8. h3 Nc6 9. Re1 Ne8 10. Na3 a6 11. Nc2 f5 12. Bg5 Qb6 13. Ne3 Be6 14. Nd5 Bxd5 15. exd5 Nd8 16. Rb1 h6 17. Be3 Qc7 18. a3 a5 19. h4 Nf7 20. b4 axb4 21. axb4 b6 22. bxc5 bxc5 23. Nd2 Nf6 24. Nc4 Rfb8 25. Qc2 Ng4 26. Bd2 g5 27. hxg5 hxg5 28. Rxb8+ Rxb8 29. Rb1 f4 30. Bh3 Nfh6 31. f3 Nf6 32. Be6+ Kh8 33. g4 Bf8 34. Rb3 Kg7 35. Qb1 Rxb3 36. Qxb3 Nf7 37. Na3 Nd8 38. Nb5 Qa5 39. Kf2 Qb6 40. c4 Be7 41. Bf5 Ne8 42. Qa4 Nc7 43. Ba5 Qa6 44. Nxc7 Qa7 45. Nb5 Qb8 46. Bxd8 Bxd8 47. Qa7+ Qxa7 48. Nxa7 Be7 49. Nc8 Bf8 50. Ke2 Kf6 51. Kd2 Kf7 52. Kc3 Ke8 53. Kb3 Kd8 54. Ka4 Kc7 55. Kb5 Bg7 56. Ne7 Bf6 57. Nc6 Bg7 58. Ka6 Bf6 59. Na7 Bg7 60. Nb5+ Kd8 61. Kb7 Bf8 62. Kc6 Ke7 63. Nxd6 Kf6 64. Nb7 e4 65. dxe4 Ke5 66. d6 Kf6 67. d7 Be7 68. d8=Q Bxd8 69. Nxd8 Ke5 70. Kxc5 Kf6 71. Kd6 Kg7 72. c5 Kh8 73. c6 Kg7 74. c7 Kh6 75. c8=Q Kg7 76. Ne6+ Kf6 77. Qf8# 1-0

[Event "December 12 Early 2023"]
[Site "https://www.chess.com"]
[Date "2023.12.12"]
[Round "2"]
[White "Vincenti, Leonardo"]
[Black "Kochiev, Ivan"]
[Result "1-0"]
[Board "198"]
[TimeControl "180+1"]
[WhiteFideId "28550820"]
[BlackFideId "2917890"]
[WhiteElo "2228"]
[BlackElo "2482"]
[WhiteTeam "ITA"]
[BlackTeam "BUL"]
[WhiteClock "0:00:08"]
[BlackClock "0:00:00"]

1. e4 e5 2. Nf3 Nf6 3. Nc3 Nc6 4. d4 exd4 5. Nxd4 Bb4 6. Nxc6 bxc6 7. Bd3 d5 8. exd5 cxd5 9. O-O O-O 10. Bg5 c6 11. Qf3 Rb8 12. Ne2 Bd6 13. Rab1 Re8 14. Nd4 Bd7 15. Bf5 Bxf5 16. Qxf5 Re5 17. Bxf6 gxf6 18. Qf3 Qd7 19. Qxf6 Rbe8 20. Nf3 R5e6 21. Qf5 Qe7 22. g3 Rg6 23. Rbe1 Qd8 24. Rxe8+ Qxe8 25. Re1 Qd8 26. Kg2 Kg7 27. Ne5 Bxe5 28. Qxe5+ Kg8 29. Qe8+ Qxe8 30. Rxe8+ Kg7 31. Ra8 Re6 32. Kf1 Re7 33. Rc8 Rb7 34. b3 Rb6 35. Rc7 a6 36. a4 h6 37. Ke2 h5 38. h4 Kf8 39. Kf3 Kg7 40. Kf4 Kg6 41. a5 Rb4+ 42. Kf3 Rb5 43. Rxc6+ f6 44. Rxa6 Rc5 45. b4 Rxc2 46. Rb6 d4 47. Rd6 Rc4 48. Ke4 Rxb4 49. Rxd4 Rb5 50. Rd5 Rb4+ 51. Kf3 Ra4 52. Rb5 Ra3+ 53. Kg2 Ra4 54. f3 Kh6 55. Kh3 Ra3 56. Rf5 Kg6 57. g4 hxg4+ 58. Kxg4 Ra4+ 59. f4 Ra1 60. h5+ Kg7 61. Rb5 Kh6 62. Kf5 Kxh5 63. Kxf6+ Kg4 64. f5 Kf4 65. Kf7 Rb1 66. Rxb1 1-0

[Event "December 12 Early 2023"]
[Site "https://www.chess.com"]
[Date "2023.12.12"]
[Round "2"]
[White "Iljin, Timofey"]
[Black "Kuchava, Ana"]
[Result "1-0"]
[Board "199"]
[TimeControl "180+1"]
[WhiteFideId "14110180"]
[BlackFideId "13605348"]
[WhiteElo "2481"]
[BlackElo "2217"]
[WhiteTeam "UKR"]
[BlackTeam "GEO"]
[WhiteClock "0:01:43"]
[BlackClock "0:00:04"]

1. e4 c5 2. c3 Nf6 3. e5 Nd5 4. d4 cxd4 5. Nf3 Nc6 6. cxd4 d6 7. Bc4 Nb6 8. Bxf7+ Kxf7 9. e6+ Kg8 10. d5 Ne5 11. Nc3 Nxf3+ 12. Qxf3 Qe8 13. h4 g6 14. h5 Bg7 15. Nb5 Qf8 16. Qd1 Qf5 17. Nc7 Rb8 18. Be3 Bxb2 19. Rb1 Bc3+ 20. Kf1 Be5 21. Rh3 h6 22. hxg6 Kg7 23. Rb4 Qxg6 24. Rg4 Nc4 25. Rxg6+ Kxg6 26. Qg4+ Kh7 27. Rxh6# 1-0

[Event "December 12 Early 2023"]
[Site "https://www.chess.com"]
[Date "2023.12.12"]
[Round "2"]
[White "Aalto, Patrik"]
[Black "Adelman, Charles"]
[Result "0-1"]
[Board "200"]
[TimeControl "180+1"]
[WhiteFideId "510726"]
[BlackFideId "2003597"]
[WhiteElo "2475"]
[BlackElo "2217"]
[WhiteTeam "FIN"]
[BlackTeam "USA"]
[WhiteClock "0:00:00"]
[BlackClock "0:00:53"]

1. c4 Nf6 2. Nc3 e6 3. g3 d5 4. d4 c6 5. Bg2 Be7 6. Nf3 O-O 7. O-O b6 8. b3 Bb7 9. Bb2 Nbd7 10. Qd3 Rc8 11. e4 dxe4 12. Nxe4 c5 13. Nxf6+ Bxf6 14. Rad1 cxd4 15. Bxd4 Bxf3 16. Bxf3 Bxd4 17. Qxd4 Nc5 18. Qc3 Qe7 19. Rd2 Rfd8 20. Rfd1 Rxd2 21. Qxd2 g6 22. Qb4 Rd8 23. Qe1 Rxd1 24. Qxd1 Kg7 25. b4 Na6 26. a3 Nc7 27. Qc2 e5 28. c5 bxc5 29. bxc5 f5 30. Bb7 e4 31. c6 Qe5 32. Qd2 Nd5 33. a4 Kf6 34. Qh6 e3 35. Qf8+ Kg5 36. f4+ Nxf4 37. gxf4+ Qxf4 38. Qd8+ Kg4 39. Qd1+ Kg5 40. Ba6 Qe5 41. Be2 f4 42. Qc1 Qc7 43. Qc5+ Kh4 44. Kg2 g5 45. h3 h5 46. Qd5 g4 47. hxg4 hxg4 48. Kg1 f3 49. Bxf3 Qg3+ 50. Bg2 Qf2+ 0-1

[Event "December 12 Early 2023"]
[Site "https://www.chess.com"]
[Date "2023.12.12"]
[Round "2"]
[White "Kotyk, Michael"]
[Black "Srivatsan Karthikeyan"]
[Result "0-1"]
[Board "201"]
[TimeControl "180+1"]
[WhiteFideId "16214501"]
[BlackFideId "25684248"]
[WhiteElo "2472"]
[BlackElo "2217"]
[WhiteTeam "GER"]
[BlackTeam "IND"]
[WhiteClock "0:00:24"]
[BlackClock "0:00:17"]

1. e4 e5 2. Nc3 Nc6 3. g3 Nf6 4. Bg2 Bc5 5. Nge2 O-O 6. O-O a6 7. d3 d6 8. h3 Be6 9. Nd5 Bxd5 10. exd5 Ne7 11. c4 Re8 12. d4 exd4 13. Nxd4 Ng6 14. Be3 Ne5 15. b3 Qd7 16. Bg5 Qd8 17. Nf5 h6 18. Bf4 Ng6 19. Bd2 Qd7 20. g4 h5 21. Bc3 hxg4 22. hxg4 Ne5 23. Bh3 Ne4 24. Bd4 Ng5 25. Bg2 Bxd4 26. Nxd4 Qxg4 27. f4 Nh3+ 28. Kh2 Nxf4 29. Qxg4 Nxg4+ 30. Kg3 Nxg2 31. Kxg4 Ne3+ 32. Kf3 Nxf1 33. Rxf1 Re5 34. Rg1 Rae8 35. Rg2 g6 36. Kf2 Re4 37. Nf3 Re2+ 38. Kg3 Rxg2+ 39. Kxg2 Re2+ 40. Kg3 Rxa2 41. Kf4 Rb2 42. Nd4 Kg7 43. Ke4 g5 44. Kd3 Kg6 45. Kc3 Rh2 46. b4 g4 47. c5 g3 48. Nf3 Rf2 49. Nh4+ Kg5 50. c6 b6 51. b5 a5 52. Kd4 Kxh4 53. Ke3 Rf6 54. Ke4 g2 55. Kd3 g1=Q 56. Kc4 Qg3 57. Kd4 Rf4# 0-1

[Event "December 12 Early 2023"]
[Site "https://www.chess.com"]
[Date "2023.12.12"]
[Round "2"]
[White "Senft, Sean"]
[Black "Petrukhina, Olga"]
[Result "1-0"]
[Board "202"]
[TimeControl "180+1"]
[WhiteFideId "2044960"]
[BlackFideId "13703935"]
[WhiteElo "2471"]
[BlackElo "2215"]
[WhiteTeam "USA"]
[BlackTeam "KAZ"]
[WhiteClock "0:01:40"]
[BlackClock "0:00:00"]

1. d4 e6 2. c4 Nf6 3. Nc3 d5 4. cxd5 exd5 5. Nf3 Be7 6. Bg5 c6 7. e3 Nbd7 8. Bd3 Ne4 9. Bf4 Ndf6 10. Qc2 Nxc3 11. bxc3 Bg4 12. Ne5 Bh5 13. O-O O-O 14. f3 Bg6 15. Nxg6 hxg6 16. e4 Nh5 17. Bd2 Bg5 18. e5 Nf4 19. Bxf4 Bxf4 20. Rae1 Qc7 21. g3 Bg5 22. f4 Be7 23. f5 gxf5 24. Rxf5 g6 25. Rf3 Kg7 26. Ref1 Bg5 27. h4 Be7 28. Qd2 Rae8 29. Qf4 Qd7 30. Bb1 Qe6 31. Qd2 c5 32. Qg2 cxd4 33. cxd4 Qb6 34. h5 Qxd4+ 35. R1f2 Rc8 36. h6+ Kh7 37. Kh2 Qxe5 38. Rxf7+ Kh8 39. Bxg6 Rxf7 40. Rxf7 Rf8 41. Rh7+ Kg8 42. Rg7+ Kh8 43. Qc2 Bf6 44. Rh7+ Kg8 45. Rxb7 Kh8 46. Be8 1-0

[Event "December 12 Early 2023"]
[Site "https://www.chess.com"]
[Date "2023.12.12"]
[Round "2"]
[White "Nechitaylo, Nikita"]
[Black "YurasovMat-2012"]
[Result "1-0"]
[Board "203"]
[TimeControl "180+1"]
[WhiteFideId "34138161"]
[WhiteElo "2213"]
[BlackElo "2470"]
[WhiteTeam "UKR"]
[WhiteClock "0:00:02"]
[BlackClock "0:00:00"]

1. d4 d5 2. c4 c6 3. cxd5 cxd5 4. Bf4 Nc6 5. e3 Nf6 6. Nc3 Bf5 7. Qb3 Qd7 8. Nf3 e6 9. Ne5 Qc8 10. Nxc6 bxc6 11. Qa4 Be7 12. Ba6 Qd7 13. O-O O-O 14. Rac1 Bd6 15. Bxd6 Qxd6 16. Ne2 Ng4 17. Ng3 Qe7 18. h3 Nf6 19. Rxc6 Bg6 20. Rfc1 Ne4 21. Nxe4 Bxe4 22. Rc8 Qg5 23. Rxf8+ Rxf8 24. Bf1 f5 25. Qd7 Qg6 26. Rc6 f4 27. Rxe6 Qg5 28. Re5 Qh4 29. Re8 Qf6 30. Rxf8+ Kxf8 31. exf4 Qxf4 32. Qxa7 h6 33. Qc5+ Kg8 34. b4 Qd2 35. b5 Qe1 36. g3 Kh7 37. Qa3 Bf5 38. g4 Be4 39. f3 Qg3+ 40. Bg2 Bc2 41. Qc3 Bd1 42. Qd3+ Kg8 43. Qxd1 Qc7 44. Qb3 Qc1+ 45. Kh2 Qf4+ 46. Kg1 Qxd4+ 47. Kh2 Qf4+ 48. Kh1 Qc1+ 49. Kh2 Qf4+ 50. Kg1 Qc1+ 51. Kf2 Qd2+ 52. Kg3 Qe1+ 53. Kf4 g5+ 54. Kf5 Qd2 55. Ke6 1-0

[Event "December 12 Early 2023"]
[Site "https://www.chess.com"]
[Date "2023.12.12"]
[Round "2"]
[White "Goncalves, Davi Sulzbacher"]
[Black "Borawski, Jakub"]
[Result "1-0"]
[Board "204"]
[TimeControl "180+1"]
[WhiteFideId "2154510"]
[BlackFideId "1143000"]
[WhiteElo "2469"]
[BlackElo "2213"]
[WhiteTeam "BRA"]
[BlackTeam "POL"]
[WhiteClock "0:00:07"]
[BlackClock "0:00:00"]

1. e4 e5 2. Nf3 Nc6 3. d4 exd4 4. Nxd4 Bc5 5. Nb3 Bb6 6. Nc3 Nge7 7. Bg5 f6 8. Bf4 O-O 9. Bc4+ Kh8 10. h4 f5 11. e5 Ng6 12. Bg5 Qe8 13. f4 Ngxe5 14. fxe5 Nxe5 15. Be2 Ng4 16. Nd4 Qe5 17. Nf3 Qg3+ 18. Kd2 Nf2 19. Qe1 Nxh1 20. Qxh1 d6 21. Qh2 Qf2 22. h5 h6 23. Bf4 Re8 24. Rf1 Qc5 25. Bd3 Bd7 26. Qg3 Ba5 27. Nh4 Bxc3+ 28. bxc3 b5 29. Nxf5 Bxf5 30. Bxh6 Re7 31. Rxf5 Qg1 32. Rf1 1-0

[Event "December 12 Early 2023"]
[Site "https://www.chess.com"]
[Date "2023.12.12"]
[Round "2"]
[White "Vanek, Tomas"]
[Black "Lehtosaari, Mauri"]
[Result "1/2-1/2"]
[Board "205"]
[TimeControl "180+1"]
[WhiteFideId "313459"]
[BlackFideId "501999"]
[WhiteElo "2202"]
[BlackElo "2468"]
[WhiteTeam "CZE"]
[BlackTeam "FIN"]
[WhiteClock "0:00:26"]
[BlackClock "0:00:04"]

1. e4 c5 2. Nf3 e6 3. a3 Nf6 4. e5 Nd5 5. Nc3 d6 6. Nxd5 exd5 7. Qe2 Be7 8. exd6 Qxd6 9. d4 O-O 10. Be3 c4 11. O-O-O b5 12. Qd2 a5 13. Ne5 b4 14. a4 c3 15. Qe2 cxb2+ 16. Kxb2 Nd7 17. Bf4 Nb6 18. Ra1 Ba6 19. Qd2 Bxf1 20. Rhxf1 Bf6 21. Qd3 Rac8 22. Ng6 Qc6 23. Nxf8 Nc4+ 24. Kb3 Rxf8 25. Be5 Rc8 26. f4 Nd6 27. Bxf6 gxf6 28. Rf3 Ne4 29. Re1 f5 30. Rg3+ Kf8 31. Rh3 Kg8 32. Rg3+ Kf8 33. Rh3 Kg8 34. Rg3+ 1/2-1/2

[Event "December 12 Early 2023"]
[Site "https://www.chess.com"]
[Date "2023.12.12"]
[Round "2"]
[White "Osmonbekov, Talaibek"]
[Black "Pak, Yevgeniy"]
[Result "1-0"]
[Board "206"]
[TimeControl "180+1"]
[WhiteFideId "2017253"]
[BlackFideId "14201712"]
[WhiteElo "2202"]
[BlackElo "2467"]
[WhiteTeam "USA"]
[BlackTeam "KAZ"]
[WhiteClock "0:00:18"]
[BlackClock "0:00:12"]

1. d4 d5 2. Nc3 Nf6 3. Bf4 c5 4. e3 a6 5. Nf3 Bg4 6. h3 Bxf3 7. Qxf3 e6 8. g4 Nc6 9. O-O-O c4 10. g5 Nd7 11. e4 Nb6 12. exd5 Nxd5 13. Bxc4 Nxf4 14. Qxf4 Bd6 15. Qe3 Qc7 16. Kb1 O-O-O 17. h4 Ne7 18. Bb3 Nf5 19. Qe4 g6 20. d5 e5 21. h5 Rhe8 22. hxg6 hxg6 23. Rh7 Rh8 24. Rdh1 Rxh7 25. Rxh7 Kb8 26. a4 Rc8 27. Qg4 Ka7 28. Ne4 Nd4 29. Nxd6 Rd8 30. Nxf7 Rd7 31. d6 Rxd6 32. Nxd6 Qxh7 33. Nc4 Qh1+ 34. Ka2 Qc6 35. Nxe5 Qd6 36. Nc4 Qc5 37. a5 Nc6 38. c3 Nd8 39. Qd4 Ne6 40. Qxc5+ Nxc5 41. Bc2 Ne6 42. Bxg6 Nxg5 43. f4 Ne6 44. f5 Nf8 45. Be8 b5 46. axb6+ Kb7 47. f6 a5 48. f7 a4 49. Ka3 Ka6 50. Kxa4 Ne6 51. Bc6 Nc5+ 52. Kb4 Nd3+ 53. Ka3 Nxb2 54. Nxb2 Kxb6 55. f8=Q Kxc6 56. Qf5 Kd6 57. Kb4 Ke7 58. Kc5 Kd8 59. Qf7 Kc8 60. Kc6 Kb8 61. Qb7# 1-0

[Event "December 12 Early 2023"]
[Site "https://www.chess.com"]
[Date "2023.12.12"]
[Round "2"]
[White "Hrebenshchykova, Yelyzaveta"]
[Black "Guzman Lozano, Campo Elias"]
[Result "1-0"]
[Board "207"]
[TimeControl "180+1"]
[WhiteFideId "14159899"]
[BlackFideId "4403746"]
[WhiteElo "2467"]
[BlackElo "2193"]
[WhiteTeam "UKR"]
[BlackTeam "COL"]
[WhiteClock "0:00:03"]
[BlackClock "0:00:05"]

1. e4 c5 2. Nf3 Nc6 3. d4 cxd4 4. Nxd4 e5 5. Nb5 a6 6. Nd6+ Bxd6 7. Qxd6 Qe7 8. Qd1 Nf6 9. Nc3 h6 10. Bc4 d6 11. O-O Be6 12. Bb3 Rd8 13. h3 O-O 14. Be3 d5 15. Nxd5 Nxd5 16. exd5 Na5 17. c4 Nxb3 18. axb3 f5 19. f4 Bf7 20. Qf3 e4 21. Qf2 Qb4 22. Bc5 Qxb3 23. Bxf8 Kxf8 24. Qd4 b5 25. cxb5 Rxd5 26. Qc3 Qxb5 27. Rad1 Qc5+ 28. Qxc5+ Rxc5 29. b4 Rc2 30. Rf2 Rc4 31. Rb1 Be8 32. Ra2 Bb5 33. Kf2 Ke7 34. g4 Ke6 35. gxf5+ Kxf5 36. Rg1 g5 37. fxg5 hxg5 38. Rd2 Rxb4 39. Rd5+ Ke6 40. Rgxg5 Bc6 41. Rc5 Rb2+ 42. Ke3 Rb3+ 43. Kf4 Kd6 44. h4 Rf3+ 45. Kg4 Rf1 46. Rce5 Rg1+ 47. Kh5 Rxg5+ 48. Rxg5 e3 49. Rg1 e2 50. Re1 Bf3+ 51. Kg5 a5 52. h5 Ke7 53. h6 Kf7 54. Kf4 Bh5 55. Rh1 Kg6 56. h7 Kxh7 57. Rxh5+ Kg6 58. Re5 1-0

[Event "December 12 Early 2023"]
[Site "https://www.chess.com"]
[Date "2023.12.12"]
[Round "2"]
[White "Kiremitciyan, Ari"]
[Black "Pertinez Soria, Juan Luis"]
[Result "0-1"]
[Board "208"]
[TimeControl "180+1"]
[WhiteFideId "6373445"]
[BlackFideId "2225620"]
[WhiteElo "2466"]
[BlackElo "2187"]
[WhiteTeam "TUR"]
[BlackTeam "ESP"]
[WhiteClock "0:00:00"]
[BlackClock "0:00:18"]

1. e4 c5 2. Nf3 d6 3. c3 Nf6 4. h3 Nc6 5. Bd3 g6 6. Bc2 Bg7 7. d4 cxd4 8. cxd4 O-O 9. Nc3 e5 10. Be3 Re8 11. O-O a6 12. Rc1 Bd7 13. d5 Na5 14. Qe2 b5 15. b3 Rc8 16. Qd2 Nb7 17. b4 Nh5 18. Ne2 f5 19. exf5 Bxf5 20. Bb3 Qd7 21. Ng5 Nd8 22. Rxc8 Qxc8 23. Rc1 Qd7 24. Ng3 Nxg3 25. fxg3 Qb7 26. g4 Bd7 27. Ne4 Nf7 28. Rf1 Rf8 29. Nf6+ Kh8 30. Nxd7 Qxd7 31. Qd3 Qe7 32. Rc1 e4 33. Qc2 Qf6 34. Rf1 Qe7 35. Qc6 Ne5 36. Rxf8+ Bxf8 37. Qxa6 Nd3 38. Qxb5 Qh4 0-1

[Event "December 12 Early 2023"]
[Site "https://www.chess.com"]
[Date "2023.12.12"]
[Round "2"]
[White "Fernandez Hernandez, Gerardo"]
[Black "Perossa, Nicolas"]
[Result "0-1"]
[Board "209"]
[TimeControl "180+1"]
[WhiteFideId "2207400"]
[BlackFideId "2850520"]
[WhiteElo "2182"]
[BlackElo "2466"]
[WhiteTeam "ESP"]
[BlackTeam "ITA"]
[WhiteClock "0:00:00"]
[BlackClock "0:00:07"]

1. e4 d6 2. d3 Nf6 3. g3 Nbd7 4. Bg2 c6 5. f4 h5 6. Nf3 g6 7. Nc3 Bg7 8. O-O Ng4 9. Qe2 e5 10. h3 exf4 11. hxg4 hxg4 12. Bxf4 gxf3 13. Qxf3 Bd4+ 14. Be3 Ne5 15. Qe2 Bxe3+ 16. Qxe3 Be6 17. d4 Ng4 18. Qf4 Qb6 19. Rad1 O-O-O 20. Na4 Qb4 21. d5 g5 22. Qd2 Qxa4 23. dxe6 fxe6 24. Qxg5 Ne5 25. Qf6 Qa5 26. Qxe6+ Kb8 27. Qf5 Qc5+ 28. Qf2 Qb5 29. b3 Ng4 30. Qd4 Qh5 31. Rf4 Qh2+ 32. Kf1 Rhf8 33. Qg1 Qxg3 34. Rxf8 Rxf8+ 35. Ke2 Rf2+ 36. Qxf2 Qxf2+ 37. Kd3 Qe3+ 38. Kc4 Qe2+ 39. Rd3 Ne5+ 40. Kc3 Nxd3 41. cxd3 Qxg2 42. d4 Qg7 43. Kc4 d5+ 44. Kc5 Qc7 45. e5 a5 0-1

[Event "December 12 Early 2023"]
[Site "https://www.chess.com"]
[Date "2023.12.12"]
[Round "2"]
[White "Semenova, Alina"]
[Black "Mazurkiewicz, Michal"]
[Result "1-0"]
[Board "210"]
[TimeControl "180+1"]
[WhiteFideId "24113875"]
[BlackFideId "1124943"]
[WhiteElo "2177"]
[BlackElo "2455"]
[WhiteTeam "RUS"]
[BlackTeam "POL"]
[WhiteClock "0:01:02"]
[BlackClock "0:00:03"]

1. e4 d6 2. d4 Nf6 3. f3 e5 4. Be3 Be7 5. Qd2 O-O 6. Nc3 c6 7. O-O-O b5 8. g4 Nbd7 9. h4 a5 10. h5 h6 11. g5 hxg5 12. Nh3 g4 13. Ng5 b4 14. Ne2 gxf3 15. Ng3 d5 16. Nf5 Nxe4 17. Nxe4 dxe4 18. Rg1 Bf6 19. Bh6 f2 20. Qxf2 Kh7 21. Bxg7 Rg8 22. h6 exd4 23. Ne7 Bxg7 24. hxg7 Ne5 25. Qh4# 1-0

[Event "December 12 Early 2023"]
[Site "https://www.chess.com"]
[Date "2023.12.12"]
[Round "2"]
[White "Verbin, Valentina"]
[Black "Mizzi, Jack"]
[Result "1-0"]
[Board "211"]
[TimeControl "180+1"]
[WhiteFideId "13905910"]
[BlackFideId "5602521"]
[WhiteElo "2150"]
[BlackElo "2449"]
[WhiteTeam "MDA"]
[BlackTeam "MLT"]
[WhiteClock "0:00:20"]
[BlackClock "0:00:03"]

1. e4 c6 2. Nf3 d5 3. Nc3 dxe4 4. Nxe4 Nf6 5. Qe2 Na6 6. d4 Bf5 7. Nxf6+ gxf6 8. c3 Qd5 9. Bf4 Qe4 10. Qxe4 Bxe4 11. Nd2 Bg6 12. Bxa6 bxa6 13. Nb3 O-O-O 14. O-O-O Kb7 15. Na5+ Kb6 16. Nc4+ Kb7 17. Na5+ Kb6 18. Nc4+ Kb5 19. b3 a5 20. Bc7 Rd7 21. Bxa5 e6 22. a4+ Ka6 23. h4 h5 24. f3 Be7 25. Rhe1 Rg8 26. b4 Bh7 27. Rd2 Rd5 28. Ne3 Rd7 29. c4 Rb8 30. c5 f5 31. Nc4 Bxh4 32. Rh1 Bg5 33. Rxh5 Bxd2+ 34. Kxd2 Bg6 35. Rh4 Re8 36. Ne5 Rb7 37. Nxc6 Rc8 38. b5+ Rxb5 39. axb5+ Kb7 40. Ne7 Re8 41. c6+ Ka8 42. c7 Kb7 43. c8=Q+ Rxc8 44. Nxc8 Kxc8 45. Rh8+ Kb7 46. Bb4 Kb6 47. Bc5+ Kxb5 48. Bxa7 Kc4 49. Bc5 Kd5 50. Ke3 e5 51. Rd8+ Ke6 52. dxe5 Kxe5 53. f4+ Kf6 54. Bd4+ Ke7 55. Rb8 Kd7 56. Rb6 Ke7 57. g3 Bh5 58. Bf6+ Kd7 59. Kd4 Bg4 60. Ke5 Bh3 61. Rb7+ Ke8 62. Kd6 Kf8 63. Rb8# 1-0

[Event "December 12 Early 2023"]
[Site "https://www.chess.com"]
[Date "2023.12.12"]
[Round "2"]
[White "Bolat, Inayat"]
[Black "Yeritsyaan"]
[Result "0-1"]
[Board "212"]
[TimeControl "180+1"]
[WhiteFideId "13733125"]
[WhiteElo "2449"]
[BlackElo "2146"]
[WhiteTeam "KAZ"]
[WhiteClock "0:00:00"]
[BlackClock "0:01:37"]

1. e4 d5 2. exd5 Nf6 3. Bb5+ c6 4. dxc6 bxc6 5. Be2 e5 6. Nc3 Bc5 7. d3 O-O 8. Nf3 Re8 9. O-O Bf5 10. Be3 Bxe3 11. fxe3 Qb6 12. Qd2 Bg6 13. h3 Nbd7 14. Kh1 Rad8 15. e4 Nc5 16. Qg5 h6 17. Qg3 Qxb2 18. Nxe5 Qxc3 19. Nxg6 fxg6 20. Qxg6 Rf8 21. Rac1 Ne6 22. Qf5 Nd4 23. Qf2 Nxe4 24. Qe3 Nxe2 25. Kh2 Qe5+ 0-1

[Event "December 12 Early 2023"]
[Site "https://www.chess.com"]
[Date "2023.12.12"]
[Round "2"]
[White "Yushko, Olga"]
[Black "Khromkin, Andrey"]
[Result "0-1"]
[Board "213"]
[TimeControl "180+1"]
[WhiteFideId "14114500"]
[BlackFideId "4154126"]
[WhiteElo "2122"]
[BlackElo "2449"]
[WhiteTeam "UKR"]
[BlackTeam "RUS"]
[WhiteClock "0:00:39"]
[BlackClock "0:01:07"]

1. d4 d5 2. c4 dxc4 3. Nc3 e5 4. Nf3 exd4 5. Nxd4 Bc5 6. e3 Ne7 7. Bxc4 O-O 8. O-O Nbc6 9. Nxc6 Nxc6 10. Qh5 Bd6 11. a3 Ne5 12. Be2 g6 13. Qh6 Ng4 14. Bxg4 Bxg4 15. h3 Be6 16. Ne4 f6 17. Nxd6 Qxd6 18. b4 Qe5 19. Bd2 Rad8 20. e4 Qxe4 21. Rae1 Qf5 22. Qe3 Bc4 23. Rc1 Bxf1 24. Rxf1 Rfe8 25. Qb3+ Qd5 26. Qxd5+ Rxd5 27. Be3 Red8 28. Bxa7 b6 29. Rc1 R5d7 30. Rc6 Ra8 31. Bxb6 cxb6 32. Rxb6 Kf7 0-1

[Event "December 12 Early 2023"]
[Site "https://www.chess.com"]
[Date "2023.12.12"]
[Round "2"]
[White "Hartikainen, Jarmo"]
[Black "Shevchuk, Olexandr"]
[Result "0-1"]
[Board "214"]
[TimeControl "180+1"]
[WhiteFideId "503134"]
[BlackFideId "14113775"]
[WhiteElo "2118"]
[BlackElo "2447"]
[WhiteTeam "FIN"]
[BlackTeam "UKR"]
[WhiteClock "0:00:10"]
[BlackClock "0:01:10"]

1. e4 c5 2. c3 d5 3. exd5 Qxd5 4. d4 Nf6 5. Nf3 e6 6. Na3 Nc6 7. Be3 cxd4 8. Nb5 Qd8 9. Nbxd4 Nxd4 10. Qxd4 Qxd4 11. Nxd4 a6 12. Be2 Be7 13. O-O O-O 14. a4 Nd5 15. Bd2 e5 16. Nc2 Be6 17. Bf3 Rfd8 18. Rfd1 Rab8 19. g3 f6 20. Ne3 Nb6 21. a5 Nd7 22. Nd5 Kf7 23. Be3 Bc5 24. b4 Bxe3 25. Nxe3 f5 26. Bd5 Nf6 27. Bxe6+ Kxe6 28. f3 g5 29. Kf2 f4 30. Ng2 Rbc8 31. Rxd8 Rxd8 32. Ke2 Nd5 33. c4 Nc3+ 34. Kf1 Rd3 35. Ne1 Rd2 36. Rc1 Na2 37. Rc2 Rxc2 38. Nxc2 e4 39. fxe4 Ke5 40. gxf4+ gxf4 41. Kf2 Kxe4 42. h4 h5 43. b5 Nc1 44. c5 Nd3+ 45. Ke2 Nxc5 46. bxa6 Nxa6 47. Kf2 Nc5 48. Na3 Nb3 49. Nc4 Kd4 50. Nd6 Nxa5 51. Nf5+ Ke5 52. Ng7 b5 53. Nxh5 b4 54. Ng7 b3 55. h5 b2 56. h6 b1=Q 57. h7 Qxh7 0-1

[Event "December 12 Early 2023"]
[Site "https://www.chess.com"]
[Date "2023.12.12"]
[Round "2"]
[White "JG-17"]
[Black "Negron Lizarazo, Juan Sebastian"]
[Result "1-0"]
[Board "215"]
[TimeControl "180+1"]
[BlackFideId "3936910"]
[WhiteElo "2446"]
[BlackElo "2114"]
[BlackTeam "COL"]
[WhiteClock "0:01:24"]
[BlackClock "0:00:00"]

1. d4 Nf6 2. c4 g6 3. Nc3 d5 4. e3 Bg7 5. Nf3 b6 6. Be2 Bb7 7. O-O O-O 8. Bd2 Nbd7 9. Rc1 c5 10. cxd5 Nxd5 11. Nxd5 Bxd5 12. Bc3 cxd4 13. Bxd4 Nf6 14. Ne5 Qd6 15. Qa4 a5 16. Rfd1 Ne4 17. Nc6 Rac8 18. Bxg7 Kxg7 19. Qd4+ Nf6 20. Qxb6 Rxc6 21. Rxc6 Qxc6 22. Qxa5 Ra8 23. Qb4 Rxa2 24. f3 e6 25. e4 Ra4 26. exd5 Nxd5 27. Qd2 Qc5+ 28. Kh1 Qf2 29. Rf1 Qh4 30. b3 Rb4 31. Bc4 Rb8 32. Bxd5 Rd8 33. Qc3+ Kg8 34. Be4 h5 35. b4 Rb8 36. Rb1 Rb5 37. Qc4 Rg5 38. Qc8+ Kg7 39. Qc3+ Kh7 40. b5 Qf2 41. Rg1 h4 42. Qe1 Rxg2 43. Qxf2 Rxf2 44. Rb1 Rb2 45. Rxb2 1-0

[Event "December 12 Early 2023"]
[Site "https://www.chess.com"]
[Date "2023.12.12"]
[Round "2"]
[White "Bogaudinov, Rushan"]
[Black "Luxama, Jacques Muller"]
[Result "0-1"]
[Board "216"]
[TimeControl "180+1"]
[WhiteFideId "4129288"]
[BlackFideId "11900113"]
[WhiteElo "2445"]
[BlackElo "2108"]
[WhiteTeam "RUS"]
[BlackTeam "HAI"]
[WhiteClock "0:00:00"]
[BlackClock "0:00:08"]

1. e4 c5 2. Nf3 d6 3. d4 cxd4 4. Nxd4 Nf6 5. Nc3 Nc6 6. Nxc6 bxc6 7. Be2 e5 8. O-O h6 9. f4 exf4 10. Bxf4 Be7 11. Kh1 O-O 12. Qd2 Qb6 13. b3 Be6 14. Bf3 Rad8 15. Rad1 Ng4 16. Na4 Qc7 17. c4 Ne5 18. Be2 d5 19. cxd5 cxd5 20. Qb2 Bf6 21. Rc1 Qb8 22. Bxh6 Nf3 23. e5 Bxe5 24. Qb1 Nxh2 25. Bg5 Nxf1 26. Rxf1 f6 27. Be3 d4 28. Bd2 Kf7 29. Bh5+ Ke7 30. Rf3 Rh8 31. Qg6 Rdg8 32. Kg1 d3 33. Be3 d2 34. Bxd2 Bd4+ 35. Kf1 Qb5+ 36. Rd3 Bf5 37. Qg3 Bxd3+ 38. Ke1 Rxh5 39. a3 Re5+ 40. Kd1 Be2+ 41. Kc1 Qc6+ 42. Kb1 Qe4+ 0-1